 Dungeon Crawl Stone Soup version 0.31-a0-408-gb642c7f9a3 (webtiles) character file.

Game seed: 8174806192717306486

774 Gelion the Changeling (level 7, -7/48 HPs)
             Began as an Octopode Shapeshifter on July 30, 2023.
             Mangled by an ice beast (14 damage)
             ... on level 6 of the Dungeon.
             The game lasted 00:10:28 (5527 turns).

Gelion the Changeling (Octopode Shapeshifter)       Turns: 5527, Time: 00:10:29

Health: -7/48      AC:  1    Str: 14    XL:     7   Next: 84%
Magic:  7/7        EV: 13    Int: 17    God:
Gold:   292        SH:  0    Dex: 14    Spells: 6/6 levels left

rFire   . .          .
                       - Unarmed
rCold   . . .        (no shield)
rNeg    + . .        (helmet currently unavailable)
rPois   .            (no amulet)
rElec   .            f - ring of positive energy
rCorr   .            r - +6 ring of intelligence
SInv    .            (no ring)
Will    .....        (no ring)
Stlth   ++           (no ring)
HPRegen 0.28/turn    (no ring)
MPRegen 0.10/turn    (no ring)
                     (no ring)

%: no passive effects
@: beast-form
A: beast (slay +4), almost no armour, amphibious, 8 rings, camouflage 1,
gelatinous body 1, (nimble swimmer 1), tentacles
a: Begin Untransformation


You were on level 6 of the Dungeon.
You were a hulking beast.
You visited 2 branches of the dungeon, and saw 7 of its levels.
You also visited: Sewer.

You collected 292 gold pieces.

Inventory:

Armour
 p - a +0 kite shield
Jewellery
 f - a ring of positive energy (left tentacle)
 r - a +6 ring of intelligence (right tentacle)
Talismans
 b - a beast talisman
Wands
 d - a wand of iceblast (7)
 o - a wand of digging (3)
Scrolls
 c - a scroll of identify
 g - 2 scrolls of teleportation
 h - a scroll of enchant armour
Potions
 a - a potion of haste
 e - 5 potions of might
 i - a potion of curing
 j - 2 potions of enlightenment {unknown}
 k - a potion of attraction
 m - a potion of invisibility
 q - a potion of mutation


   Skills:
 + Level 4.1 Fighting
 - Level 2.0 Dodging
 + Level 5.1 Unarmed Combat
 * Level 5.8 Shapeshifting


You had 6 spell levels left.
You didn't know any spells.
Your spell library contained the following spells:

 Spells                   Type           Power      Damage    Failure   Level
 Blink                    Tloc           0%         N/A       34%         2
 Lesser Beckoning         Tloc           0%         N/A       34%         2
 Momentum Strike          Conj/Tloc      0%         3d8       34%         2
 Manifold Assault         Tloc           0%         N/A       93%         4


Dungeon Overview and Level Annotations

Branches:
Dungeon (6/15)             Temple (1/1) D:4           Sewer (visited)

Altars:
Ashenzari
Dithmenos
Elyvilon
Hepliaklqana
Kikubaaqudgha
Makhleb
Nemelex Xobeh
Okawaru
Ru
Sif Muna
Trog
Uskayaw
Vehumet
Wu Jian
Xom
Yredelemnul
Zin
The Shining One

Shops:
D:3 :   D:6 !

Annotations:
D:3 1 runed translucent door, hgbash's ghost, amateur SpSh


Innate Abilities, Weirdness & Mutations

You are a hulking beast.
Your limbs bulge with bestial killing power. (Slay +4)
You cannot wear most types of armour.
You are amphibious.
You can wear up to eight rings at the same time.
Your skin changes colour to match your surroundings (Stealth+).
Your rubbery body absorbs attacks. (AC +1, EV +1)
((You are camouflaged when in or above water. (Stealth+)))
You have tentacles for arms and can constrict up to eight enemies at once.


Message History

The bush is lightly damaged.
You now have 292 gold pieces (gained 6).
j - a sedimented golden potion
j - 2 sedimented golden potions (gained 1)
An ice beast comes into view.
An ice beast is nearby!
Found a stone staircase leading up.
No target in view!
No target in view!
You tentacle-slap the ice beast.
The ice beast is lightly wounded.
The ice beast misses you.
You tentacle-slap the ice beast but do no damage.
Your squeeze misses the ice beast.
The ice beast is lightly wounded.
The ice beast misses you.
You tentacle-slap the ice beast.
The ice beast is lightly wounded.
The ice beast hits you. The ice beast freezes you!
You closely miss the ice beast.
You squeeze the ice beast, but do no damage.
The ice beast is lightly wounded.
The ice beast hits you. The ice beast freezes you.
You barely miss the ice beast.
Your tentacle-slap misses the ice beast.
The ice beast is lightly wounded.
The ice beast hits you but does no damage.
You tentacle-slap the ice beast.
The ice beast is moderately wounded.
The ice beast closely misses you.
You closely miss the ice beast. Your squeeze misses the ice beast.
The ice beast is moderately wounded.
The ice beast hits you. The ice beast freezes you!
* * * LOW HITPOINT WARNING * * *
You barely miss the ice beast. Your squeeze misses the ice beast.
The ice beast is moderately wounded.
The ice beast hits you.
* * * LOW HITPOINT WARNING * * *
The ice beast freezes you!
You die...

. #. #.# # ..#
.. ..## .##
..###.#.. .#
#Y<.....# ..##.
#h.....# #....
##....##.# #..$#
##.....# ##....
###.....##
......##..####.#
#......## .# ##
####....## .# ..
#.#
##..#######.#
..#.#
#...........#


You could see an ice beast.

Vanquished Creatures
  A water moccasin (D:5)
  An ogre (D:5)
  A kobold brigand (D:6)
  A howler monkey (D:5)
  A gnoll bouda (D:5)
  A jelly (D:6)
  An orc priest (D:4)
  3 iguanas
  An orc wizard (D:3)
  A hell rat (Sewer)
  Robin (D:2)
  3 gnolls (D:5)
  3 river rats
  7 adders
  A white imp (D:5)
  An ufetubus (D:6)
  4 worms
  A dart slug (D:3)
  12 orcs
  A ball python (D:4)
  5 bats
  8 endoplasms
  4 giant cockroaches
  13 goblins
  3 hobgoblins (D:2)
  5 jackals (D:1)
  12 kobolds
  A quokka (D:1)
  3 frilled lizards
  10 rats
110 creatures vanquished.

Notes
Turn   | Place    | Note
-------+----------+-------------------------------------------
     0 | D:1      | Gelion the Octopode Shapeshifter began the quest for the
                  | Orb.
     0 | D:1      | Reached XP level 1. HP: 13/13 MP: 1/1
   180 | D:1      | Reached XP level 2. HP: 15/18 MP: 2/2
   845 | D:2      | Reached XP level 3. HP: 23/23 MP: 3/3
   886 | D:2      | Noticed Robin
   935 | D:2      | Killed Robin
  1050 | D:2      | Reached XP level 4. HP: 29/29 MP: 4/4
  1379 | D:3      | Found Yleirch's Book Shop.
  1442 | D:3      | Found a runed translucent door.
  1443 | D:3      | Noticed hgbash's ghost (amateur SpSh)
  1489 | D:3      | Found a shimmering altar of Xom.
  1704 | D:3      | Found a glowing drain.
  1712 | D:3      | Reached XP level 5. HP: 33/35 MP: 5/5
  1715 | Sewer    | Entered a sewer
  2305 | D:3      | Found a hazy altar of Hepliaklqana.
  2561 | D:4      | Found a staircase to the Ecumenical Temple.
  2573 | Temple   | Entered the Ecumenical Temple
  2668 | D:4      | Reached XP level 6. HP: 39/41 MP: 6/6
  3040 | D:5      | Entered Level 5 of the Dungeon
  3436 | D:5      | Noticed a water moccasin
  3458 | D:5      | Killed a water moccasin
  3459 | D:5      | Reached skill level 5 in Shapeshifting
  3459 | D:5      | Reached XP level 7. HP: 9/46 MP: 7/7
  3622 | D:5      | Found a white marble altar of Elyvilon.
  4088 | D:5      | Found an iron altar of Okawaru.
  4089 | D:5      | Found an ancient bone altar of Kikubaaqudgha.
  4108 | D:5      | Found a sacrificial altar of Ru.
  4843 | D:6      | Reached skill level 5 in Unarmed Combat
  5198 | D:6      | Found Ysem's Distillery.
  5527 | D:6      | Mangled by an ice beast

Illustrated notes

Levels and vault maps discovered:
D:1:      lightli_arrival_isolated_outpost, layout_basic,
          nicolae_concentric_dashed_squares_mild
D:2:      layout_rooms, palyth_stone_intersect, uniq_robin
D:3:      layout_loops_ring, xom_butterflies, nzn_hepliaklqana_mist_gate,
          gammafunk_ghost_grave, lightli_sewer_entry_pipes, serial_shops, shop
D:4:      layout_rooms, minmay_temple_entry_grid
D:5:      layout_layer_cave, mainiacjoe_overflow_small_starburst,
          mainiacjoe_overflow_tiny_flanked,
          chequers_temple_overflow_statue_of_worship, serial_bayou,
          serial_bayou_pond_c, serial_bayou_lagoon_a, serial_bayou_pond_d,
          serial_bayou_lake_a
D:6:      layout_layer_cave, serial_shops, shop, minmay_hedge_maze,
          hangedman_abyss_or_decor_jellyfish_corner, nzn_random_ring
Temple:   minmay_temple_bridge_abc

Skill      XL: |  1  2  3  4  5  6  7 |
---------------+----------------------+-----
Fighting       | 2 3 4 |  4.1
Shapeshifting  | 4 5 |  5.8
Unarmed Combat | 4 5 |  5.1
Dodging        | |  2.0

Action                     |  1- 3 |  4- 6 |  7- 9 || total
---------------------------+-------+-------+-------++-------
  Melee: Unarmed           |    58 |   112 |    63 ||   233
         Tentacles         |     9 |    23 |    17 ||    49
         Constrict         |    18 |    25 |    16 ||    59
         Punch             |     2 |     1 |     2 ||     5
    Use: Scroll            |       |     7 |     9 ||    16
         Potion            |       |     1 |     1 ||     2
   Stab: Sleeping          |     5 |     5 |     2 ||    12
 Armour: Skin              |     4 |     3 |     3 ||    10
  Dodge: Dodged            |    27 |    48 |    31 ||   106

Table legend: (Time is in decaauts)
 A = Elapsed time spent in this place.
 B = Non-inter-level travel time spent in this place.
 C = Inter-level travel time spent in this place.
 D = Time resting spent in this place.
 E = Time spent auto-exploring this place.
 F = Levels seen in this place.
 G = Mean time per level.
                   A        B        C        D        E       F      G
               +--------+--------+--------+--------+--------+-----+--------+
         Total |   5509 |   5194 |    315 |    316 |   4098 |   8 |  688.6 |
       Dungeon |   5378 |   5063 |    315 |    291 |   4062 |   6 |  896.3 |
        Temple |      1 |      1 |      0 |      0 |      0 |   1 |    1.0 |
         Sewer |    129 |    129 |      0 |     25 |     36 |   1 |  129.0 |
               +--------+--------+--------+--------+--------+-----+--------+

Top non-repeatable levels by time:
     D:5: 1654 daAuts
     D:3: 1049 daAuts
     D:1: 782 daAuts
     D:6: 697 daAuts
     D:4: 602 daAuts
     D:2: 591 daAuts
   Sewer: 129 daAuts
  Temple: 1 daAuts
